 Dungeon Crawl Stone Soup version 0.21-a0-509-gecc5317 (webtiles) character file.

64 BingusPrime the Insei (level 3, -2/28 HPs)
             Began as a Draconian Transmuter on Nov 28, 2017.
             Slain by a gnoll
             ... wielding a +0 spear
              (6 damage)
             ... on level 2 of the Dungeon.
             The game lasted 00:07:55 (1369 turns).

BingusPrime the Insei (Draconian Transmuter)        Turns: 1369, Time: 00:07:55

Health: -2/28      AC:  2    Str: 12    XL:     3   Next: 91%
Magic:  11/15      EV: 25    Int: 13    God:
Gold:   59         SH:  0    Dex: 22    Spells: 3/7 levels left

rFire    + . .     SeeInvis .     - Unarmed
rCold    . . .     Gourm    .   (shield currently unavailable)
rNeg     . . .     Faith    .   (armour unavailable)
rPois    x         Spirit   .   (helmet currently unavailable)
rElec    .         Reflect  .   (cloak currently unavailable)
rCorr    .         Harm     .   (gloves currently unavailable)
MR       .....                  (boots currently unavailable)
Stlth    +++.......             (no amulet)
HPRegen  0.09/turn              k - ring of magical power
MPRegen  0.14/turn              m - ring of protection from fire

@: agile, spider-form (expiring), very slightly contaminated
A: tiny, unfitting armour, AC +5
a: End Transformation


You were on level 2 of the Dungeon.
You were hungry.
You were a venomous arachnid creature.
You visited 1 branch of the dungeon, and saw 2 of its levels.

You collected 59 gold pieces.

Inventory:

Hand Weapons
 h - a +0 dagger (melded)
Missiles
 a - 12 arrows
 n - 2 tomahawks of returning (quivered)
Armour
 i - a +0 pair of gloves (melded)
Jewellery
 k - a ring of magical power (left front leg)
 m - a ring of protection from fire (right front leg)
Scrolls
 f - a scroll of remove curse
Potions
 d - a potion of curing
 e - a potion of agility
 g - 2 potions of heal wounds {unknown}
 j - a potion of might {unknown}
 l - a potion of flight {unknown}
 o - a potion of degeneration {unknown}
Books
 b - a book of Changes

   Spells                             Type                      Level
   a - Beastly Appendage              Transmutation                1
   b - Sticks to Snakes               Transmutation                2
   c - Spider Form                    Transmutation/Poison         3
   d - Ice Form                       Ice/Transmutation            4
   e - Blade Hands                    Transmutation                5
Comestibles
 c - 2 bread rations


   Skills:
 + Level 1.3 Fighting
 + Level 0.4 Short Blades
 + Level 2.2 Dodging
 + Level 0.1 Stealth
 + Level 3.5 Unarmed Combat
 + Level 2.5 Spellcasting
 + Level 2.5 Transmutations
 + Level 0.1 Poison Magic


You had 3 spell levels left.
You knew the following spells:

 Your Spells              Type           Power        Failure   Level  Hunger
a - Beastly Appendage     Tmut           #.....       22%         1    #......
b - Spider Form           Tmut/Pois      #.........   61%         3    ###....


Dungeon Overview and Level Annotations

Branches:
Dungeon (2/15)

Altars:

Annotations:
D:2 Robin


Innate Abilities, Weirdness & Mutations

((Your plain brown scales are hard. (AC +5)))
You cannot fit into any form of body armour.
((You are cold-blooded and may be slowed by cold attacks.))


Message History

It was a potion of curing.
You feel better. Robin throws the goblin at you! The gnoll misses you.
You hit the goblin.
The goblin is severely wounded.
The goblin closely misses you.
The gnoll hits you from afar with a spear.
The goblin shoots a stone.
The stone barely misses you.
The stone hits the goblin.
The goblin dies!
The goblin closely misses you. The goblin hits you.
* * * LOW HITPOINT WARNING * * *
Things that are here:
a stone; a goblin corpse You barely miss the goblin.
The gnoll misses you. The goblin hits you.
* * * LOW HITPOINT WARNING * * *
It was a potion of agility.
You feel agile all of a sudden.
The gnoll hits you from afar with a spear.
You die...

♣P♣♣♣..P .........♣
.♣♣..♣.♣..###...P.....
♣P♣♣..♣.P.#.#..⌠......
♣♣♣.P.♣♣♣P...#.#.........
♣.♣P...♣.....#'#........♣
♣♣♣)P♣♣.P♣♣P..P....P.###.P
♣.)P...P♣P♣♣.........#.# .
#♣).♣♣..P..♣...#....P#'#.♣
#P♣♣.♣♣♣.gs♣....#.........
#..♣..♣)gP(P♣♣...#........
##..♣....8gg♣P.P..........
#.....r.[g)........#+#.♣P
..P.......8....P♣....# ..♣
.#..P...)....)PP.♣...## ♣.
#..P..........PP.♣.......
.P...#'#.†P♣.♣♣P.♣♣.....♣
.P.P.#.#..♣P♣.P♣♣♣.♣.....P


You could see Robin, a gnoll, a hobgoblin, 2 goblins and a rat.

Vanquished Creatures
  An adder (D:2)
  3 dart slugs
  2 leopard geckos
  3 bats
  2 giant cockroaches
  14 goblins
  A hobgoblin (D:2)
  2 jackals (D:2)
  4 kobolds
  A quokka (D:2)
  5 frilled lizards
  3 rats (D:1)
41 creatures vanquished.

Vanquished Creatures (others)
  A goblin (D:2)
  A plant (D:2)
2 creatures vanquished.

Grand Total: 43 creatures vanquished

Notes
Turn   | Place    | Note
-------+----------+-------------------------------------------
     0 | D:1      | BingusPrime the Draconian Transmuter began the quest for the Orb.
     0 | D:1      | Reached XP level 1. HP: 16/16 MP: 3/3
   164 | D:1      | Reached XP level 2. HP: 11/23 MP: 1/5
   863 | D:2      | Reached XP level 3. HP: 28/28 MP: 6/6
   868 | D:2      | Learned a level 3 spell: Spider Form
   986 | D:2      | Noticed Robin
  1369 | D:2      | Slain by a gnoll

Vault maps used:
D:1:      nagdon_arrival_double_spiral, moated_statue
D:2:      wad_woods_settlement, nicolae_overflow_hidden_temple, uniq_robin

Skill      XL: |  1  2 |
---------------+-------+-----
Dodging        | 2 |  2.2
Fighting       | |  1.3
Short Blades   | |  0.4
Stealth        | |  0.1
Unarmed Combat | |  3.5
Spellcasting   | |  2.5
Transmutations | |  2.5
Poison Magic   | |  0.1

Action                   || total
-------------------------++-------
Melee: Unarmed           ||    49
       Dagger            ||    99
       Tailslap          ||     6
       Kick              ||     9
       Headbutt          ||     3
 Cast: Beastly Appendage ||    20
       Spider Form       ||     6
  Use: Scroll            ||     4
       Potion            ||     2
  Eat: Chunk             ||     3
Armor: Skin              ||    49
Dodge: Dodged            ||   134

Table legend:
 A = Spawn XP
 B = Non-spawn XP
 C = Spawn XP percentage of total XP
 D = Spawn monster count
 E = Non-spawn monster count
 F = Spawn count percentage of total count
 G = Total turns spent on level
                    A         B        C        D         E        F      G
               +---------+---------+-------+---------+---------+-------+---------
         Total |       0 |      92 |   0.0 |       0 |      42 |   0.0 |  1369
               +---------+---------+-------+---------+---------+-------+---------
           D:1 |       0 |      39 |   0.0 |       0 |      21 |   0.0 |   818
           D:2 |       0 |      53 |   0.0 |       0 |      21 |   0.0 |   551
               +---------+---------+-------+---------+---------+-------+---------
